 Dungeon Crawl Stone Soup version 0.24.0-125-gc4c63601f3 (webtiles) character file.

Game seed: 6303537753200815530, levelgen mode: deterministic

911 utmost the Skirmisher (level 7, -5/63 HPs)
             Began as a Minotaur Abyssal Knight on Feb 27, 2020.
             Was a Priest of Lugonu.
             Slain by a wight
             ... wielding a +3 great sword of freezing
              (6 damage)
             ... on level 6 of the Dungeon on Feb 28, 2020.
             The game lasted 00:54:26 (5039 turns).

utmost the Skirmisher (Minotaur Abyssal Knight)     Turns: 5039, Time: 00:54:34

Health: -5/63      AC: 11    Str: 24    XL:     7   Next: 82%
Magic:  6/7        EV: 12    Int:  9    God:    Lugonu [***...]
Gold:   247        SH:  0    Dex: 11    Spells: 6/6 levels left

rFire    + . .     SeeInvis .   g - +2 spear (flame)
rCold    + . .     Gourm    .   (no shield)
rNeg     . . .     Faith    .   b - +1 leather armour
rPois    +         Spirit   .   (helmet restricted)
rElec    +         Reflect  .   j - +2 cloak "Zeoge" {+Blink rPois Str+7}
rCorr    +         Harm     .   (no gloves)
MR       .....                  (no boots)
Stlth    +.........             (no amulet)
HPRegen  0.20/turn              l - +4 ring of protection
MPRegen  0.10/turn              o - ring of flight

@: about to teleport, resistant
A: retaliatory headbutt, horns 2
a: Depart the Abyss, Bend Space, Banish, Renounce Religion, Evoke Blink, Evoke
Flight


You were on level 6 of the Dungeon.
You worshipped Lugonu.
Lugonu was most pleased with you.
You were not hungry.

You visited 1 branch of the dungeon, and saw 6 of its levels.
You visited the Abyss 1 time.

You collected 247 gold pieces.

Inventory:

Hand Weapons
 g - a +2 spear of flaming (weapon)
 r - a +2 hand axe of freezing
 u - a +2 trident of piercing
Missiles
 e - 303 stones
 m - 22 poisoned darts
 s - 5 boomerangs (quivered)
Armour
 b - a +1 leather armour (worn)
 j - the +2 cloak "Zeoge" (worn) {+Blink rPois Str+7}
   (You found it on level 4 of the Dungeon)

   It affects your strength (+7).
   It protects you from poison.
   It lets you blink.
 n - a +0 ring mail
 p - the cursed +1 ring mail of Quipiw {Slay+5 SInv}
   (You found it on level 5 of the Dungeon)

   It affects your accuracy and damage with ranged weapons and melee attacks
   (+5).
   It lets you see invisible.
   It has a curse placed upon it.
Jewellery
 l - a +4 ring of protection (left hand)
 o - a ring of flight (right hand)
Wands
 d - a wand of iceblast (7)
 q - a wand of paralysis (2)
 v - a wand of scattershot (5)
Scrolls
 f - 6 scrolls of identify
 t - 2 scrolls of amnesia
 x - a scroll of enchant armour
 y - a scroll of fear
 z - a scroll of noise
 B - 2 scrolls of magic mapping
Potions
 h - 2 potions of curing
 i - 2 potions of lignification
Comestibles
 c - 3 rations
 k - 2 chunks of flesh


   Skills:
 + Level 6.1 Fighting
 + Level 4.2(5.4) Axes
 + Level 5.2(5.9) Polearms
 + Level 4.0 Throwing
 + Level 3.5 Armour
 + Level 3.0 Dodging
 + Level 1.1 Stealth
 - Level 1.7 Invocations


You had 6 spell levels left.
You didn't know any spells.
Your spell library contained the following spells:

 Spells                   Type           Power        Failure   Level  Hunger
 Corona                   Hex            #......      41%         1    ##.....
 Summon Small Mammal      Summ           #...         41%         1    ##.....
 Call Imp                 Summ           #.......     56%         2    ###....
 Slow                     Hex            #.......     56%         2    ###....
 Call Canine Familiar     Summ           #.......     80%         3    ####...
 Inner Flame              Hex/Fire       #.......     80%         3    ####...
 Portal Projectile        Hex/Tloc       #.....       80%         3    ####...
 Summon Guardian Golem    Hex/Summ       #.......     80%         3    ####...
 Cause Fear               Hex            #.........   99%         4    #####..
 Leda's Liquefaction      Hex/Erth       #.........   99%         4    #####..
 Summon Ice Beast         Ice/Summ       #.......     99%         4    #####..
 Summon Lightning Spire   Summ/Air       #.......     99%         4    #####..


Dungeon Overview and Level Annotations

Branches:
Dungeon (6/15)
 Temple: D:4-7

Altars:
Gozag
Kikubaaqudgha


Innate Abilities, Weirdness & Mutations

You reflexively headbutt those who attack you in melee.
You have a pair of horns on your head.


Message History

* * * LOW HITPOINT WARNING * * *
You feel better. The bullfrog hits you.
* * * LOW HITPOINT WARNING * * *
The bullfrog hits you but does no damage.
You feel protected.
The bullfrog hits you but does no damage.
The bullfrog barely misses you.
The crimson imp picks up a beetle and eats it.
You fail to use your ability.
The bullfrog barely misses you. Space bends around you!
You blink.
The jelly hits you but does no damage.
The crimson imp hits you but does no damage.
The iguana bites you!
* * * LOW HITPOINT WARNING * * *
As you read the scroll of teleportation, it crumbles to dust.
You feel strangely unstable. The jelly closely misses you.
The crimson imp hits you but does no damage.
The iguana bites you.
* * * LOW HITPOINT WARNING * * *
The wight hits you with a +3 great sword of freezing.
You die...

#######......###
#......# #.####.##
...# #..# .....#
##.#
.....######.######
######.#.#FOs#)#.#
##.#..#lJ#.##
#.#..###@5#.#
##..##.##z.##
#..##...##..#
#.##..!..##.#
#..##.?.##..#
##.?##.##l.##
#.#..#.#J.#5#
##.#.zz..#.##
#.#.#...#.#.#


You could see an ogre, a bullfrog, a scorpion, an iguana, a jelly, a wight and a
crimson imp.

Vanquished Creatures
  Menkaure (D:6)
  A water moccasin skeleton (D:5)
  3 howler monkeys
  2 crimson imps (D:5)
  3 bullfrog skeletons
  3 orc priests (D:5)
  4 orc wizards
  An iguana (D:6)
  2 worker ants
  A worker ant zombie (D:5)
  6 adders
  An ooze (D:3)
  2 adder skeletons
  3 worms
  2 dart slugs
  3 leopard geckos
  23 orcs
  3 giant cockroaches (D:3)
  2 goblins
  8 hobgoblins
  11 jackals
  3 quokkas
  2 ball pythons
  5 bats
  2 frilled lizards
  5 kobolds
  6 rats
108 creatures vanquished.

Notes
Turn   | Place    | Note
-------+----------+-------------------------------------------
     0 | Abyss:1  | utmost the Minotaur Abyssal Knight began the quest for the
                  | Orb.
     0 | Abyss:1  | Reached XP level 1. HP: 19/19 MP: 1/1
    58 | Abyss:1  | Noticed a golden dragon skeleton
    72 | Abyss:1  | Noticed a large abomination
    77 | D:1      | Escaped the Abyss
   275 | D:1      | Reached skill level 4 in Fighting
   275 | D:1      | Reached XP level 2. HP: 27/27 MP: 2/2
   378 | D:1      | Reached * piety under Lugonu
  1077 | D:2      | Reached XP level 3. HP: 34/34 MP: 3/3
  1475 | D:2      | Reached skill level 5 in Fighting
  1768 | D:3      | Reached XP level 4. HP: 42/42 MP: 4/4
  1862 | D:3      | Found a faded altar of an unknown god.
  1900 | D:3      | Reached skill level 1 in Throwing
  2021 | D:3      | Paralysed by an orc for 5 turns
  2123 | D:3      | Reached ** piety under Lugonu
  2176 | D:3      | Reached skill level 1 in Polearms
  2729 | D:4      | Got a dazzling cloak
  2732 | D:4      | Identified the +2 cloak "Zeoge" {+Blink rPois Str+7} (You
                  | found it on level 4 of the Dungeon)
  2903 | D:4      | Reached XP level 5. HP: 46/48 MP: 5/5
  3120 | D:4      | Reached XP level 6. HP: 56/56 MP: 6/6
  3221 | D:4      | Found an ancient bone altar of Kikubaaqudgha.
  3531 | D:5      | Entered Level 5 of the Dungeon
  3633 | D:5      | Got a translucent ring mail
  3634 | D:5      | Identified the cursed +1 ring mail of Quipiw {Slay+5 SInv}
                  | (You found it on level 5 of the Dungeon)
  4085 | D:5      | Reached XP level 7. HP: 45/61 MP: 7/7
  4335 | D:5      | Reached *** piety under Lugonu
  4456 | D:5      | Reached skill level 6 in Fighting
  4527 | D:5      | Found an opulent altar of Gozag.
  4801 | D:6      | Noticed Menkaure
  4803 | D:6      | Killed Menkaure
  4803 | D:6      | Reached skill level 5 in Polearms
  4803 | D:6      | Reached skill level 1 in Stealth
  5038 | D:6      | HP: 1/63 [iguana (8)]
  5039 | D:6      | Slain by a wight

Levels and vault maps discovered:
D:1:      minmay_arrival_floating_metal, layout_rooms
D:2:      layout_basic
D:3:      layout_basic, chequers_ecumenical_altar_simple_redux, first_ration
D:4:      layout_loops_corners, kennysheep_mini
D:5:      layout_basic, nicolae_gozag_seed_capital
D:6:      minmay_diamond_boxcup, layout_basic, minmay_temple_entry_hall,
          uniq_menkaure

Skill      XL: |  1  2  3  4  5  6  7 |
---------------+----------------------+-----
Fighting       | 4 5 6 |  6.1
Armour         | 3 |  3.5
Axes           | 3 4 |  4.2
Throwing       | 1 2 3 4 |  4.0
Polearms       | 2 3 4 5 |  5.2
Dodging        | 2 3 |  3.0
Stealth        | 1 |  1.1
Invocations    | |  1.7

Action                   |  1- 3 |  4- 6 |  7- 9 || total
-------------------------+-------+-------+-------++-------
Melee: Hand axe          |    53 |    16 |       ||    69
       Headbutt          |    10 |    15 |     5 ||    30
       Spear             |    14 |   133 |    53 ||   200
Throw: Stone             |    21 |       |       ||    21
       Dart              |       |    55 |    21 ||    76
       Boomerang         |       |       |     8 ||     8
Invok: Depart the Abyss  |     1 |       |       ||     1
       Bend Space        |       |       |     1 ||     1
Evoke: Wand              |       |       |     2 ||     2
  Use: Potion            |     3 |     2 |     3 ||     8
       Scroll            |     9 |     6 |     1 ||    16
 Stab: Sleeping          |       |       |     1 ||     1
  Eat: Chunk             |     2 |     5 |     1 ||     8
       Ration            |     1 |       |     1 ||     2
Armor: Leather armour    |    22 |    41 |    15 ||    78
Dodge: Dodged            |    36 |    39 |    19 ||    94
